 Dungeon Crawl Stone Soup version 0.28.0-53-g5a82cb258f (webtiles) character file.

Game seed: 15399050891160872248

5 Descartes the Covered (level 1, 0/20 HPs)
             Began as a Djinni Wanderer on May 21, 2022.
             Slain by a ball python (2 damage)
             ... on level 1 of the Dungeon.
             The game lasted 00:03:15 (254 turns).

Descartes the Covered (Djinni Wanderer)              Turns: 254, Time: 00:03:15

Health: 0/20       AC:  6    Str: 15    XL:     1   Next: 88%
Gold:   0          EV:  6    Int: 11    God:
                   SH:  0    Dex: 10

rFire   + + .      SeeInvis .   a - +0 club
rCold   x . .      Faith    .   (no shield)
rNeg    . . .      Spirit   .   b - +0 scale mail
rPois   ∞          Reflect  .   (no helmet)
rElec   .          Harm     .   (no cloak)
rCorr   .          Rampage  .   (no gloves)
Will    .....                   (boots unavailable)
Stlth   ..........              (no amulet)
HPRegen 0.06/turn               (no ring)
MPRegen 0.00/turn               (no ring)

@: flying, constricted
A: sickness immunity, fire resistance 2, cold vulnerability 1, float, innate
caster, HP casting, extra vitality 1
a: no special abilities


You were on level 1 of the Dungeon.
You visited 1 branch of the dungeon, and saw 1 of its levels.

Inventory:

Hand Weapons
 a - a +0 club (weapon)
Armour
 b - a +0 scale mail (worn)
Potions
 c - a potion of attraction


   Skills:
 + Level 3.1 Fighting
 + Level 3.1 Armour
 + Level 1.6 Spellcasting
 + Level 1.2 Evocations


You couldn't memorise any spells.
You knew the following spells:

 Your Spells              Type           Power      Damage    Failure   Level
a - Pain                  Necr           16%        1d4       50%         1
b - Vampiric Draining     Necr           4%         2d6       86%         3
c - Anguish               Hex/Necr       2%         N/A       99%         4

Your spell library contained the following spells:

 Spells                   Type           Power      Damage    Failure   Level


Dungeon Overview and Level Annotations

Branches:
Dungeon (1/15)

Altars:


Innate Abilities, Weirdness & Mutations

You are immune to sickness and miasma.
You are immune to poison.
Your flesh is very heat resistant. (rF++)
You are vulnerable to cold. (rC-)
You float through the air rather than walking.
You learn spells naturally, not from books.
Your magical power is your life essence.
You have superior vitality. (+4 MHP)


Message History

A hobgoblin comes into view.
The hobgoblin shouts!
A ball python comes into view.
The ball python hisses angrily.
You hit the hobgoblin but do no damage. You punch the hobgoblin.
The hobgoblin is moderately wounded.
The hobgoblin hits you.
You barely miss the hobgoblin.
The hobgoblin is moderately wounded.
The hobgoblin completely misses you.
The ball python bites you but does no damage.
The ball python barely misses you. The hobgoblin hits you.
You hit the hobgoblin.
The hobgoblin is almost dead.
The ball python barely misses you. The ball python grabs you.
The ball python constricts you. The hobgoblin hits you.
The ball python bites you. The ball python constricts you.
Casting: Pain (safe; 50% risk of failure)
Confirm with . or Enter, or press ? or * to list all spells.
Aiming: Pain (safe; 50% risk of failure)
Press: ? - help, Shift-Dir - straight line, f - ball python
Aim: a ball python (constricting you, chance to affect: 65%)
The ball python struggles to resist.
The ball python closely misses you. The ball python constricts you.
The hobgoblin hits you but does no damage.
You hit the ball python.
The ball python is severely wounded.
The ball python bites you but does no damage.
The ball python constricts you.
* * * LOW HITPOINT WARNING * * *
The hobgoblin hits you.
* * * LOW HITPOINT WARNING * * *
The ball python bites you but does no damage.
The ball python constricts you.
You hit the hobgoblin but do no damage.
The hobgoblin is almost dead.
The hobgoblin hits you.
* * * LOW HITPOINT WARNING * * *
The ball python bites you.
You die...

... ### ..# ..
#.# .. #. #..
#.# .#... #..
#.#...... #...
###.#...... #...
#.Sg....... +..#
#....#.#@#######
#..#
#....#.#........
#..#
#....)......####
#..#
#..#.#.####.#
#..# ... #.# .#
#..# #.# #.# #
#..#####.# #.#
###......#.# #.#
.........#.# #.#


You could see a hobgoblin and a ball python.

Vanquished Creatures
  A dart slug (D:1)
  A goblin (D:1)
  2 rats (D:1)
4 creatures vanquished.

Notes
Turn   | Place    | Note
-------+----------+-------------------------------------------
     0 | D:1      | Descartes the Djinni Wanderer began the quest for the Orb.
     0 | D:1      | Reached XP level 1. HP: 20/20 MP: 0/0
   254 | D:1      | Slain by a ball python

Illustrated notes

Levels and vault maps discovered:
D:1:      mrwooster_arrival_statue, layout_basic, minmay_door_square,
          st_stairs_13

Action                   || total
-------------------------++-------
Melee: Club              ||    23
       Punch             ||     1
 Cast: Pain              ||     4
Armor: Scale mail        ||    14
Dodge: Dodged            ||    16
